 Dungeon Crawl Stone Soup version 0.18.1-5-g4a78601 (webtiles) character file.

145 Goblin1989 the Cudgeler (level 5, -3/45 HPs)
             Began as a Gargoyle Gladiator on May 12, 2016.
             Slain by an elf zombie (5 damage)
             ... in an ossuary.
             The game lasted 00:05:07 (2014 turns).

Goblin1989 the Cudgeler (Gargoyle Gladiator)        Turns: 2014, Time: 00:05:08

Health: -3/45      AC: 22    Str: 19 (20) XL:     5   Next: 27%
Magic:  5/5        EV:  2    Int: 11 (13) God:
Gold:   282        SH:  7    Dex:  8 (9)  Spells: 0 memorised, 4 levels left

rFire  . . .     SeeInvis .     a - +0 flail
rCold  + . .     Gourm    .     (armour currently unavailable)
rNeg   + + +     Faith    .     o - +0 shield {rC+}
rPois  ∞         Spirit   .     (helmet currently unavailable)
rElec  .         Dismiss  .     (cloak currently unavailable)
rCorr  .         Reflect  .     (gloves currently unavailable)
SustAt .         Harm     .     (boots currently unavailable)
MR     .....     NoTele   +     (no amulet)
Stlth  +.........               (no ring)
                                (no ring)

@: brilliant, tree-form (expiring), not resistant to hostile enchantments, very
unstealthy
A: rough black scales 1, negative energy resistance 1, sense surroundings 1,
(electricity resistance), (unbreathing), petrification resistance, no device
heal 1, rot immunity, AC +4
a: no special abilities


You were in an ossuary.
You were not hungry.
You were a tree.
You visited 1 branch of the dungeon, and saw 4 of its levels.
You also visited: Ossuary.

You collected 282 gold pieces.

Inventory:

Hand Weapons
 a - a +0 flail (weapon)
Missiles
 d - 2 throwing nets (quivered) {=f, !d}
Armour
 c - a +1 helmet (melded)
 e - a +0 ring mail (melded)
 h - a +0 pair of gloves (melded)
 o - a +0 shield of cold resistance (worn)
Scrolls
 n - a scroll of enchant armour
 r - 2 scrolls of fear {unknown}
Comestibles
 f - 3 bread rations
 g - 3 beef jerkies


   Skills:
 - Level 2.1 Fighting
 + Level 5.8 Maces & Flails
 - Level 1.7 Throwing
 - Level 2.4 Dodging


You had 4 spell levels left.
You didn't know any spells.

Dungeon Overview and Level Annotations

Branches:
Dungeon (4/15)
 Temple: D:4-7

Altars:
Cheibriados

Annotations:
D:3 Sigmund Ossuary IjonTichy1's ghost, amateur OpVM


Innate Abilities, Weirdness & Mutations

You are resistant to torment.
((Your stone body is resilient (AC +4).))
You are immune to poison.
You resist negative energy.
((You are resistant to electric shocks.))
((You can survive without breathing.))
You are immune to petrification.
You are immune to rotting.
(You are partially covered in rough black scales (AC +4, Dex -1).)
You passively map a small area around you.
Potions and wands are less effective at restoring your health.


Message History

The big kobold zombie hits you but does no damage. x2
The human zombie hits you but does no damage.
The elf zombie hits you but does no damage.
Your shield prevents you from hitting the human zombie.
You block the kobold zombie's attack.
The gnoll zombie hits you but does no damage.
You block the gnoll zombie's attack.
The big kobold zombie hits you but does no damage.
You block the big kobold zombie's attack.
You block the elf zombie's attack.
The human zombie hits you but does no damage.
The kobold zombie hits you but does no damage.
You sock the human zombie!
The gnoll zombie hits you but does no damage. x2
The big kobold zombie barely misses you.
IjonTichy1's ghost says, "I don't need to breathe anymore, but you do!"
You block the big kobold zombie's attack.
The human zombie hits you but does no damage.
The elf zombie hits you.
You die...

, , , ,
,,,,....#####......
* ................
,, ,
................ ,
,, ...............#
* ...............#
,, ................
, ,
.......Z.Z...... ,
......WZ♣ZZ..... *
......∩ZZZ...... ,
.......ZZ.......
................ ,*
, ................
, ................
, ...............#*
, *...............#
* , ...............


You could see IjonTichy1's ghost, a rat zombie, 3 gnoll zombies, a kobold
zombie, 3 big kobold zombies, an elf zombie and a human zombie.

Vanquished Creatures
  2 hound zombies (Ossuary)
  5 adders (D:2)
  3 worms
  3 dart slugs
  3 giant cockroaches
  4 goblins
  7 hobgoblins
  7 jackals
  8 kobolds
  2 quokkas
  4 bats
  4 giant newts
  5 rats
57 creatures vanquished.

Notes
Turn   | Place    | Note
--------------------------------------------------------------
     0 | D:1      | Goblin1989 the Gargoyle Gladiator began the quest for the Orb.
     0 | D:1      | Reached XP level 1. HP: 12/12 MP: 1/1
     6 | D:1      | Noticed a rime drake
     6 | D:1      | Noticed a black mamba
     7 | D:1      | Noticed a killer bee
     7 | D:1      | Noticed a hog
    85 | D:1      | Reached XP level 2. HP: 14/17 MP: 2/2
   313 | D:1      | Reached skill level 4 in Maces & Flails
   419 | D:1      | Reached XP level 3. HP: 21/21 MP: 3/3
   716 | D:2      | Reached XP level 4. HP: 18/26 MP: 4/4
   940 | D:2      | Reached skill level 5 in Maces & Flails
  1329 | D:3      | Found a snail-covered altar of Cheibriados.
  1750 | D:3      | Noticed Sigmund
  1808 | D:3      | Reached XP level 5. HP: 27/30 MP: 5/5
  1966 | D:4      | Found a sand-covered staircase.
  1971 | Ossuary  | Entered an ossuary
  1971 | Ossuary  | Noticed IjonTichy1's ghost (amateur OpVM)
  1981 | Ossuary  | Gained mutation: You are partially covered in rough black scales (AC +4, Dex -1). [potion of mutation]
  1981 | Ossuary  | Gained mutation: You passively map a small area around you. [potion of mutation]
  1981 | Ossuary  | Gained mutation: Potions and wands are less effective at restoring your health. [potion of mutation]
  2007 | Ossuary  | ololoev: херово быть деревом
  2008 | Ossuary  | HP: 2/45 [elf zombie (4)]
  2014 | Ossuary  | Slain by an elf zombie

Skill      XL: |  1  2  3  4 |
---------------+-------------+-----
Maces & Flails | 4 5 |  5.8
Fighting       | |  2.1
Throwing       | |  1.7
Dodging        | |  2.4

Action                   |  1- 3 |  4- 6 || total
-------------------------+-------+-------++-------
Melee: Flail             |    95 |   134 ||   229
Throw: Throwing net      |       |     2 ||     2
  Use: Potion            |       |     7 ||     7
       Scroll            |       |     5 ||     5
 Stab: Held in net/web   |       |     1 ||     1
  Eat: Chunk             |       |     2 ||     2
       Bread ration      |       |     1 ||     1
Armor: Leather armour    |     6 |       ||     6
       Ring mail         |    42 |    49 ||    91
       Skin              |       |   166 ||   166
Dodge: Dodged            |    72 |    71 ||   143
Block: Shield            |       |    91 ||    91
